 Dungeon Crawl Stone Soup version 0.29-a0-304-gb34f9e1 (webtiles) character file.

Game seed: 13175586022705234045

117 Think the Ducker (level 5, -3/36 HPs)
             Began as an Octopode Fighter on Mar 26, 2022.
             Slain by an orc
             ... wielding a +0 dagger
              (4 damage)
             ... on level 3 of the Dungeon.
             The game lasted 00:04:37 (3397 turns).

Think the Ducker (Octopode Fighter)                 Turns: 3397, Time: 00:04:38

Health: -3/36      AC:  1    Str: 16    XL:     5   Next: 1%
Magic:  5/5        EV: 13    Int: 10    God:
Gold:   177        SH:  5    Dex: 13    Spells: 4/4 levels left

rFire   . . .      SeeInvis .   w - +0 rapier
rCold   . . .      Faith    .   b - +0 buckler
rNeg    . . .      Spirit   .   (helmet restricted)
rPois   .          Reflect  .   (no amulet)
rElec   .          Harm     .   (no ring)
rCorr   .          Rampage  .   (no ring)
Will    .....                   (no ring)
Stlth   +++.......              (no ring)
HPRegen 0.12/turn               (no ring)
MPRegen 0.09/turn               (no ring)
                                (no ring)
                                (no ring)

@: no status effects
A: almost no armour, amphibious, 8 rings, camouflage 1, gelatinous body 1,
(nimble swimmer 1), tentacles
a: no special abilities


You were on level 3 of the Dungeon.
You visited 1 branch of the dungeon, and saw 4 of its levels.

You collected 177 gold pieces.

Inventory:

Hand Weapons
 s - the +8 hunting sling "Ikhaul" {flame, rPois rCorr Dex+4}
   (You found it on level 3 of the Dungeon)

   Any ammunition fired from it burns those it strikes, dealing additional fire
   damage.
   Dex:       It affects your dexterity (+4).
   rPois:     It protects you from poison.
   rCorr:     It protects you from acid and corrosion.
 w - a +0 rapier (weapon)
Missiles
 a - 46 stones
Armour
 b - a +0 buckler (worn)
Jewellery
 e - an amulet of magic regeneration
 k - an amulet of faith
Scrolls
 j - a scroll of noise {unknown}
Potions
 c - a potion of might
 d - a potion of degeneration {unknown}
 f - a potion of magic {unknown}
 h - a potion of attraction {unknown}
 i - 2 potions of curing {unknown}


   Skills:
 + Level 3.5 Fighting
 * Level 3.3 Short Blades
 + Level 0.0 Slings
 + Level 3.6 Dodging
 - Level 2.0 Stealth
 + Level 3.5 Shields


You had 4 spell levels left.
You didn't know any spells.
Your spell library contained the following spells:

 Spells                   Type           Power      Damage    Failure   Level
 Ozocubu's Armour         Ice            0%         N/A       83%         3
 Ozocubu's Refrigeration  Ice            0%         4d5       100%        7


Dungeon Overview and Level Annotations

Branches:
Dungeon (4/15)
 Temple: D:4-7

Altars:
Dithmenos
Fedhas
Ru
Trog
Yredelemnul

Annotations:
D:3 1 runed translucent door, Crazy Yiuf
D:4 Blork the orc


Innate Abilities, Weirdness & Mutations

You cannot wear most types of armour.
You are amphibious.
You can wear up to eight rings at the same time.
Your skin changes colour to match your surroundings (Stealth+).
Your rubbery body absorbs attacks. (AC +1, EV +1)
((You are camouflaged when in or above water. (Stealth+)))
You have tentacles for arms and can constrict up to eight enemies at once.


Message History

There is a stone staircase leading up, spattered with blood here.
The orc hits you with a +0 dagger. The orc hits you with a +0 hand axe.
You climb upwards.
Level annotation: 1 runed translucent door, Crazy Yiuf
There is a stone staircase leading down here.
The +8 hunting sling "Ikhaul" {flame, rPois rCorr Dex+4} stops flaming.
w - a +0 rapier (weapon)
You barely miss the orc. Your grab misses the orc. Your squeeze misses the orc.
The orc barely misses you. The orc closely misses you.
The orc hits you with a +0 falchion.
You hit the orc. Your grab misses the orc.
The orc is heavily wounded.
The orc hits you with a +0 hand axe. The orc hits you with a +0 falchion.
The orc hits you with a +0 dagger.
You barely miss the orc. You grab the orc.
The orc is heavily wounded.
You constrict the orc. The orc hits you with a +0 dagger.
* * * LOW HITPOINT WARNING * * *
The orc hits you with a +0 hand axe.
* * * LOW HITPOINT WARNING * * *
The orc hits you with a +0 falchion.
* * * LOW HITPOINT WARNING * * *
As you read the scroll labelled JAEMI JOWEO, it crumbles to dust.
Your body is wracked with pain!
* * * LOW HITPOINT WARNING * * *
The orc convulses! x2; It was a scroll of torment.
You constrict the orc.
You kill the orc!
The orc hits you with a +0 dagger.
* * * LOW HITPOINT WARNING * * *
The orc barely misses you.
Unknown command.
Unknown command.
Unknown command.
Unknown command.
Unknown command.
The orc closely misses you.
Things that are here:
a +0 falchion; an orc corpse The orc attacks as you move away!
The orc hits you with a +0 dagger.
You die...

### ### #.# #.#
#.#####.# #.......#
#.#####.# ###.# #.#
#...# #.#
#.#######.############
#..)o@................
####o####.######.#####
#.# #.# #..# #.# #.#
##.# #.# #.# #.#
#############.####.#
##.##
#..................#
#...#
##.##########.########
##..## #.# #>........#
#....#


You could see 2 orcs.

Vanquished Creatures
  An orc wizard (D:3)
  4 adders
  A worm (D:2)
  A dart slug (D:2)
  4 orcs (D:3)
  2 ball pythons
  6 endoplasms
  A giant cockroach (D:2)
  2 goblins
  4 hobgoblins
  3 quokkas
  5 bats
  4 frilled lizards
  6 kobolds
  6 rats
50 creatures vanquished.

Notes
Turn   | Place    | Note
-------+----------+-------------------------------------------
     0 | D:1      | Think the Octopode Fighter began the quest for the Orb.
     0 | D:1      | Reached XP level 1. HP: 16/16 MP: 1/1
   511 | D:1      | Reached XP level 2. HP: 21/21 MP: 2/2
   735 | D:1      | Found a faded altar of an unknown god.
  1249 | D:2      | Reached skill level 1 in Stealth
  1405 | D:2      | Reached XP level 3. HP: 24/26 MP: 3/3
  1932 | D:3      | Found a shadowy altar of Dithmenos.
  2097 | D:3      | Reached XP level 4. HP: 23/31 MP: 4/4
  2613 | D:3      | Found a runed translucent door.
  2614 | D:3      | Noticed Crazy Yiuf
  2694 | D:3      | Identified the +8 hunting sling "Ikhaul" {flame, rPois
                  | rCorr Dex+4}
  3159 | D:3      | Found a basalt altar of Yredelemnul.
  3159 | D:3      | Found a blossoming altar of Fedhas.
  3161 | D:3      | Found a bloodstained altar of Trog.
  3161 | D:3      | Found a sacrificial altar of Ru.
  3370 | D:4      | Noticed Blork the orc
  3386 | D:3      | Reached XP level 5. HP: 32/36 MP: 5/5
  3395 | D:3      | HP: 1/36 [orc/+0 dagger (3)]
  3397 | D:3      | Slain by an orc

Illustrated notes

Levels and vault maps discovered:
D:1:      roderic_lyre, layout_loops_ring, shapermc_ecumenical_altar_flowoftime,
          kennysheep_nondescript
D:2:      layout_loops_cross
D:3:      layout_basic, mainiacjoe_overflow_paths, mainiacjoe_overflow_alcove_3,
          uniq_crazy_yiuf_cottage
D:4:      layout_basic, nicolae_ashenzari_skybound, nicolae_underground_beach,
          uniq_grinder, uniq_robin, uniq_blork_the_orc, uniq_edmund

Skill      XL: |  1  2  3  4 |
---------------+-------------+-----
Stealth        | 1 2 |  2.0
Short Blades   | 3 |  3.3
Fighting       | |  3.5
Dodging        | |  3.6
Shields        | |  3.5

Action                   |  1- 3 |  4- 6 || total
-------------------------+-------+-------++-------
Melee: Rapier            |    59 |    34 ||    93
       Constrict         |    11 |     6 ||    17
       Tentacles         |    11 |     3 ||    14
  Use: Scroll            |       |     1 ||     1
 Stab: Sleeping          |     9 |     2 ||    11
Armor: Skin              |     5 |     3 ||     8
Dodge: Dodged            |    29 |    24 ||    53
Block: Buckler           |     5 |    10 ||    15

Table legend: (Time is in decaauts)
 A = Elapsed time spent in this place.
 B = Non-inter-level travel time spent in this place.
 C = Inter-level travel time spent in this place.
 D = Time resting spent in this place.
 E = Time spent auto-exploring this place.
 F = Levels seen in this place.
 G = Mean time per level.
                   A        B        C        D        E       F      G
               +--------+--------+--------+--------+--------+-----+--------+
         Total |   3404 |   3220 |    184 |    210 |   2688 |   4 |  851.0 |
       Dungeon |   3404 |   3220 |    184 |    210 |   2688 |   4 |  851.0 |
               +--------+--------+--------+--------+--------+-----+--------+

Top non-repeatable levels by time:
     D:3: 1472 daAuts
     D:1: 1246 daAuts
     D:2: 670 daAuts
     D:4: 14 daAuts
